 Dungeon Crawl Stone Soup version 0.20.1-1-g8b1a95d (webtiles) character file.

94409 Monsterracer the Black Belt (level 15, -16/132 HPs)
             Began as a Purple Draconian Transmuter on Oct 23, 2017.
             Was the Champion of Okawaru.
             Shot with a bolt by a yaktaur (22 damage)
             ... on level 13 of the Dungeon.
             The game lasted 01:03:33 (27052 turns).

Monsterracer the Black Belt (DrTm)                 Turns: 27052, Time: 01:03:34

Health: -16/132    AC: 20    Str: 12    XL:     15   Next: 63%
Magic:  9/24       EV: 21    Int: 19    God:    Okawaru [******]
Gold:   1768       SH:  0    Dex: 13    Spells: 1/26 levels left

rFire    . . .     SeeInvis +     - Unarmed
rCold    . . .     Gourm    .   (shield currently unavailable)
rNeg     . . .     Faith    .   (armour unavailable)
rPois    .         Spirit   .   O - +2 hat {SInv}
rElec    .         Reflect  .   B - +2 cloak
rCorr    .         Harm     .   (gloves currently unavailable)
MR       ++...                  A - +2 pair of boots
Stlth    ++........             d - amulet of regeneration
Regen    0.8/turn               o - +3 ring of evasion
MPRegen  0.2/turn               T - +3 ring of protection

@: blade hands
A: breathe power, unfitting armour, cold-blooded, AC +9
a: Breathe Dispelling Energy, End Transformation, Heroism, Finesse, Renounce
Religion


You were on level 13 of the Dungeon.
You worshipped Okawaru.
Okawaru was exalted by your worship.
You were very hungry.
You had blades for hands.
You visited 3 branches of the dungeon, and saw 21 of its levels.
You also visited: Volcano.

You collected 2601 gold pieces.
You spent 833 gold pieces at shops.

Inventory:

Hand Weapons
 b - the +11 scimitar of Mauden {elec, -Tele rPois MR+ Stlth+, !a}
   (You found it on level 11 of the Dungeon)

   Occasionally, upon striking a foe, it will discharge some electrical energy
   and cause terrible harm.
   It protects you from poison.
   It affects your resistance to hostile enchantments.
   It prevents most forms of teleportation.
   It makes you more stealthy.
Missiles
 a - 467 arrows
Armour
 s - a +2 buckler (melded)
 A - a +2 pair of boots (worn)
 B - a +2 cloak (worn)
 O - a +2 hat of see invisible (worn)
 P - a +2 shield
 Q - a +2 pair of gloves of dexterity (melded)
 R - a scarf of resistance
Jewellery
 c - an uncursed amulet of rage
 d - an amulet of regeneration (around neck)
 e - an uncursed ring of positive energy
 o - a +3 ring of evasion (left scythe-like blade)
 y - an uncursed ring of see invisible
 G - an uncursed ring of poison resistance
 J - a +2 amulet of reflection
 N - an uncursed ring of ice
 T - a +3 ring of protection (right scythe-like blade)
Wands
 H - a wand of scattershot (3/9)
 K - a wand of flame (33/48)
 M - a wand of flame (18/48)
 U - a wand of iceblast (7/15)
Scrolls
 i - 3 scrolls of teleportation
 j - 6 scrolls of fear
 l - 6 scrolls of magic mapping
 m - 5 scrolls of fog
 r - 7 scrolls of remove curse
 L - 2 scrolls of identify
 S - a scroll of recharging
Potions
 f - 6 potions of lignification
 g - 3 potions of might
 h - 5 potions of heal wounds
 k - 2 potions of invisibility
 n - 9 potions of curing
 t - a potion of ambrosia
 u - a potion of resistance
 v - 2 potions of mutation
 w - 2 potions of magic
 z - 4 potions of agility
 D - a potion of cancellation
 F - a potion of haste
 I - 4 potions of flight
Comestibles
 p - 26 royal jellies
 q - 14 meat rations
 C - 12 bread rations
 E - 6 fruits


   Skills:
 + Level 11.8 Fighting
 + Level 9.6 Dodging
 + Level 2.6 Stealth
 - Level 4.0 Shields
 * Level 15.9 Unarmed Combat
 - Level 6.2 Spellcasting
 - Level 7.5 Charms
 - Level 3.2 Necromancy
 - Level 3.0 Translocations
 - Level 10.7 Transmutations
 - Level 3.0 Ice Magic
 - Level 10.0 Invocations
 - Level 3.1 Evocations


You had one spell level left.
You knew the following spells:

 Your Spells              Type           Power        Failure   Level  Hunger
a - Ice Form              Ice/Tmut       ####....     36%         4    ####...
b - Song of Slaying       Chrm           ####....     13%         2    None
c - Regeneration          Chrm/Necr      ####......   28%         3    ##.....
d - Blade Hands           Tmut           #####.....   28%         5    #####..
e - Blink                 Tloc           N/A          32%         2    None
f - Swiftness             Chrm/Air       ###.....     28%         2    None
g - Shroud of Golubria    Chrm/Tloc      ####......   21%         2    None
h - Sticks to Snakes      Tmut           #####...     9%          2    None
w - Spider Form           Tmut/Pois      ####......   28%         3    ##.....


Dungeon Overview and Level Annotations

Branches:
Dungeon (13/15)            Temple (0/1) D:7            Lair (6/6) D:8
  Swamp (0/4) Lair:3       Spider (0/4) Lair:4        Slime (0/5) Lair:5
    Orc (2/2) D:9             Elf (0/3) Orc:2
 Vaults: D:13-14

Altars:
Ashenzari
Elyvilon
Hepliaklqana
Kikubaaqudgha
Makhleb
Nemelex Xobeh
Okawaru
Qazlal
Sif Muna
Uskayaw
Vehumet
Zin
The Shining One
Beogh

Shops:
D:9 *   D:11 }   Orc:2 *(=[


Innate Abilities, Weirdness & Mutations

You can breathe bolts of dispelling energy.
Your rich purple scales are hard. (AC +9)
You cannot fit into any form of body armour.
You are cold-blooded and may be slowed by cold attacks.


Message History

The lance of force hits you!
You are knocked back by the lance of force.
Huge Dmg: -21%(-28hp) hp: 79%(104hp)
Casting: Shroud of Golubria
Confirm with . or Enter, or press ? or * to list all spells.
Your hands turn into razor-sharp scythe blades.
Your +2 pair of gloves of dexterity melds into your body.
Your +2 buckler melds into your body.
You feel clumsy.
You are feeling very hungry.
The centaur warrior wields an uncursed shortbow.
The centaur warrior shoots an arrow.
The arrow completely misses you. The orc knight closely misses you.
A deep elf mage comes into view. It is wielding a rapier.
You slice the orc knight!!
You kill the orc knight!
Okawaru accepts your kill.
The centaur shoots an arrow.
The arrow barely misses you.
The yaktaur shoots a bolt.
The bolt completely misses you.
The yaktaur shoots a bolt.
The bolt hits you. The centaur completely misses you.
The deep elf mage casts a spell.
The deep elf mage blinks!
The deep elf mage closely misses you. The centaur barely misses you.
The centaur warrior unwields an uncursed shortbow.
The centaur warrior hits you.
You closely miss the deep elf mage.
Your tail-slap misses the deep elf mage.
Your song is almost over.
The yaktaur shoots a bolt.
The bolt hits you!
Your shroud bends the deep elf mage's attack away.
The centaur misses you. The centaur warrior barely misses you.
Damage: -5%(-6hp) hp: 76%(100hp)
You slice the deep elf mage!! You tail-slap the deep elf mage!
The deep elf mage is severely wounded.
The centaur closely misses you.
The centaur warrior hits you but does no damage.
The yaktaur shoots a bolt.
The bolt misses you.
You slice the deep elf mage!!
You kill the deep elf mage!
Okawaru accepts your kill.
Your skin stops crawling.
The battlesphere dissipates.
The yaktaur shoots a bolt.
The bolt barely misses you.
The yaktaur shoots a bolt.
The bolt hits you! The centaur barely misses you.
The centaur warrior hits you but does no damage.
Damage: -8%(-11hp) hp: 69%(90hp)
The centaur hits you but does no damage.
The centaur warrior wields an uncursed shortbow.
The centaur warrior shoots an arrow.
The arrow misses you.
The yaktaur unwields an uncursed arbalest.
The yaktaur hits you!
Your shroud falls apart!
The yaktaur unwields an uncursed arbalest.
The yaktaur hits you!
Things that are here:
a war axe; a plate armour; Huge Dmg: -15%(-19hp) hp: 54%(71hp)
You slash the orc wizard!
You kill the orc wizard!
Okawaru accepts your kill. The centaur hits you with a shortbow.
* * * LOW HITPOINT WARNING * * *
The centaur warrior shoots an arrow.
The arrow closely misses you.
Damage: -4%(-5hp) hp: 50%(66hp) Unknown command.
The yaktaur hits you!
* * * LOW HITPOINT WARNING * * *
Damage: -6%(-8hp) hp: 44%(58hp) Unknown command.
The centaur shoots an arrow.
The arrow hits you.
* * * LOW HITPOINT WARNING * * *
The centaur warrior shoots an arrow.
The arrow completely misses you.
The yaktaur wields an uncursed arbalest.
The yaktaur shoots a bolt.
The bolt misses you.
The yaktaur shoots a bolt.
The bolt completely misses you.
The centaur shoots an arrow.
The arrow closely misses you.
Things that are here:
a bolt; an arrow Unknown command.
Damage: -3%(-4hp) hp: 41%(54hp)
Your song has ended.
The centaur warrior shoots an arrow.
The arrow completely misses you.
The centaur shoots an arrow.
The arrow hits you!
* * * LOW HITPOINT WARNING * * *
The yaktaur shoots a bolt.
The bolt hits you!
* * * LOW HITPOINT WARNING * * *
The centaur warrior shoots an arrow.
The arrow hits you!!
* * * LOW HITPOINT WARNING * * *
Things that are here:
a bolt; 4 arrows; Huge Dmg: -37%(-49hp) hp: 4%(5hp)
As you read the scroll of fear, it crumbles to dust.
You assume a fearsome visage.
The deep elf mage looks frightened!
The centaur looks frightened!
The yaktaur looks frightened!
The centaur warrior resists with some effort.
The yaktaur looks frightened!
The yaktaur resists with some effort.
The yaktaur looks frightened!
The centaur warrior shoots an arrow.
The arrow misses you.
The deep elf mage casts a spell.
The deep elf mage blinks!
The yaktaur shoots a bolt.
The bolt hits you!!
You die...

##'########...(......#
#....# #####.######
#######.### ###(.####
##.........# #(((.c..#
...........# #.(c<...#
#.....))).#####..))...#
#............##..c.c..#
#.........##.##(.c....#
#..<......##.(@(..c...#
#.........##########§.#
#.........#


o.o #..# ###.####### #o##.(# ... #(#(e# .# #..##(#(§#.##. #.).occc.e.#
###.#..#.### .......c.. You could see a centaur warrior, 4 yaktaurs and a
centaur (fleeing).

Vanquished Creatures
  Saint Roka (Orc:1)
  The ghost of Agrougrou the Bludgeoner, a journeyman OgGl of Okawaru (Lair:3)
  2 orc warlords
  The ghost of bmj180 the Swashbuckler, a journeyman HaBe of Trog (Lair:6)
  The ghost of Fingolfin the Archer, a journeyman FoFi of Okawaru (Orc:2)
  Nessos (Orc:1)
  Harold (Lair:3)
  An ice dragon (Lair:6)
  7 hydras
  5 two-headed ogres
  A death knight (D:12)
  Erica (D:9)
  An anaconda (Lair:6)
  8 death yaks
  5 orc high priests (Orc:2)
  A deep elf knight (D:13)
  A skeletal warrior (D:12)
  2 lindwurms
  3 orc knights
  A wolf spider (Lair:6)
  8 orc sorcerers
  An ugly thing (D:12)
  A deep elf mage (D:13)
  A salamander (Lair:4)
  6 cyclopes
  11 elephants
  6 black mambas
  5 torpor snails (Lair:6)
  A rime drake (Lair:3)
  12 spiny frogs
  4 komodo dragons
  2 freezing wraiths (D:12)
  A queen bee (Lair:4)
  4 tyrant leeches (Lair:6)
  3 meliai (Lair:4)
  5 trolls
  13 polar bears
  Prince Ribbit (Lair:1)
  8 hornets
  4 jumping spiders
  16 blink frogs
  5 raiju (Lair:6)
  5 dream sheep (Lair:6)
  A blink frog (shapeshifter) (D:13)
  12 hippogriffs
  5 redbacks
  A human (D:7)
  A shadow (D:12)
  A fire bat (Volcano)
  5 wyverns
  24 yaks
  4 hogs (D:7)
  Grum (Lair:1)
  2 vampire mosquitoes (D:8)
  A hungry ghost (D:9)
  4 basilisks
  9 wargs
  12 hell hounds (Lair:6)
  14 water moccasins
  10 porcupines
  38 orc warriors
  13 black bears
  2 phantoms
  An ice beast (D:12)
  3 sky beasts
  13 ogres
  27 wolves
  10 centaurs
  A necrophage (D:9)
  11 crocodiles
  3 big kobolds
  A wyvern zombie (D:11)
  20 bullfrogs
  3 scorpions
  21 killer bees (Lair:4)
  3 electric eels
  4 howler monkeys
  15 wights
  A centaur zombie (D:6)
  4 crimson imps
  A bullfrog zombie (D:12)
  8 hounds
  2 quasits
  17 orc priests
  4 jellies
  25 orc wizards
  An iguana (D:11)
  11 worker ants
  2 hound zombies
  A howler monkey zombie (D:8)
  Robin (D:3)
  4 gnolls
  12 adders
  A shadow imp (D:8)
  An ooze (D:2)
  An adder skeleton (D:8)
  2 worms
  5 leopard geckos
  79 orcs
  5 giant cockroaches
  19 goblins
  9 hobgoblins
  22 jackals
  3 quokkas
  A ball python (D:3)
  6 bats
  2 frilled lizards
  2 goblin zombies (D:8)
  4 hobgoblin zombies
  20 kobolds
  A kobold skeleton (D:8)
  A quokka skeleton (D:6)
  A quokka zombie (D:8)
  5 rats
  A fungus (Lair:6)
749 creatures vanquished.

Vanquished Creatures (collateral kills)
  A bullfrog (Lair:5)
  An adder (D:3)
2 creatures vanquished.

Vanquished Creatures (others)
  A wolf (Lair:6)
  2 orcs (Orc:1)
  23 fungi
  44 plants
70 creatures vanquished.

Grand Total: 821 creatures vanquished

Notes
Turn   | Place    | Note
-------+----------+-------------------------------------------
     0 | D:1      | Monsterracer the Draconian Transmuter began the quest for the Orb.
     0 | D:1      | Reached XP level 1. HP: 16/16 MP: 3/3
   982 | D:2      | HP: 5/16 [worm (6)]
  1087 | D:2      | Reached XP level 2. HP: 23/23 MP: 5/5
  1095 | D:2      | Learned a level 2 spell: Sticks to Snakes
  1300 | D:2      | Reached XP level 3. HP: 26/28 MP: 6/6
  1305 | D:2      | Learned a level 3 spell: Spider Form
  1489 | D:2      | Found an iron altar of Okawaru.
  1521 | D:2      | Reached skill level 4 in Unarmed Combat
  1542 | D:2      | Became a worshipper of Warmaster Okawaru
  1887 | D:3      | Reached XP level 4. HP: 35/35 MP: 7/7
  2085 | D:3      | Noticed Robin
  2088 | D:3      | HP: 15/35 [hobgoblin/club[Robin] (8)]
  2199 | D:3      | Killed Robin
  2299 | D:3      | HP: 13/35 [orc priest/divine providence (10)]
  2301 | D:3      | HP: 6/35 [orc priest/divine providence (8)]
  2366 | D:3      | Reached XP level 5. HP: 37/40 MP: 4/8
  2454 | D:3      | Found a faded altar of an unknown god.
  2508 | D:3      | HP: 20/40 [orc/trident (3)]
  3065 | D:4      | Reached skill level 5 in Unarmed Combat
  3124 | D:4      | Noticed a centaur
  3134 | D:4      | Killed a centaur
  3252 | D:4      | Reached XP level 6. HP: 32/47 MP: 5/9
  3258 | D:4      | HP: 23/47 [poisoned by a worker ant]
  3263 | D:4      | HP: 21/47 [poisoned by a worker ant]
  3268 | D:4      | HP: 16/47 [poisoned by a worker ant]
  3273 | D:3      | HP: 11/47 [poisoned by a worker ant]
  3278 | D:3      | HP: 7/47 [poisoned by a worker ant]
  3284 | D:3      | HP: 7/47 [poisoned by a worker ant]
  3289 | D:3      | HP: 8/47 [poisoned by a worker ant]
  3297 | D:3      | HP: 10/47 [poisoned by a worker ant]
  3586 | D:5      | Entered Level 5 of the Dungeon
  3634 | D:5      | Found a sparkling altar of Nemelex Xobeh.
  3737 | D:5      | Reached skill level 6 in Unarmed Combat
  3737 | D:5      | Reached skill level 5 in Transmutations
  3741 | D:5      | HP: 17/47 [ogre/giant spiked club (14)]
  3743 | D:5      | Your scales start taking on a rich purple colour.
  3743 | D:5      | Reached XP level 7. HP: 20/52 MP: 7/10
  3834 | D:5      | Learned a level 5 spell: Blade Hands
  3866 | D:5      | Reached * piety under Okawaru
  3942 | D:5      | HP: 16/52 [ogre/giant club (25)]
  3956 | D:5      | HP: 5/52 [ogre/giant club (19)]
  3957 | D:5      | Reached skill level 1 in Invocations
  4129 | D:5      | Found a hide-covered altar of Uskayaw.
  4273 | D:5      | Reached skill level 7 in Unarmed Combat
  4334 | D:5      | HP: 27/55 [centaur/arrow (14)]
  4344 | D:5      | HP: 27/55 [centaur (5)]
  4347 | D:5      | Reached XP level 8. HP: 32/62 MP: 7/11
  4642 | D:5      | HP: 31/62 [acid (8)]
  4837 | D:5      | Found a stormy altar of Qazlal.
  5004 | D:6      | Found a burning altar of Makhleb.
  5443 | D:6      | Reached ** piety under Okawaru
  5535 | D:6      | Found a shattered altar of Ashenzari.
  5894 | D:6      | Found a hazy altar of Hepliaklqana.
  5897 | D:6      | Found a white marble altar of Elyvilon.
  5901 | D:6      | Reached skill level 8 in Unarmed Combat
  6394 | D:7      | Noticed a hippogriff
  6409 | D:7      | Killed a hippogriff
  6409 | D:7      | Reached XP level 9. HP: 60/71 MP: 9/12
  6467 | D:7      | Found a staircase to the Ecumenical Temple.
  6791 | D:7      | HP: 34/71 [hog (6)]
  6794 | D:7      | HP: 16/71 [hog (9)]
  6981 | D:7      | Found a radiant altar of Vehumet.
  7048 | D:7      | Reached *** piety under Okawaru
  7144 | D:7      | Found a glowing silver altar of Zin.
  7345 | D:8      | Noticed a death yak
  7345 | D:8      | Noticed a death yak
  7358 | D:8      | Noticed a death yak
  7368 | D:8      | Noticed a death yak
  7370 | D:8      | Noticed a death yak
  7372 | D:8      | Noticed a death yak
  7377 | D:8      | Noticed a death yak
  7386 | D:8      | HP: 28/72 [death yak (24)]
  7419 | D:7      | HP: 21/72 [death yak (28)]
  7577 | D:7      | Killed a death yak
  7577 | D:7      | Reached **** piety under Okawaru
  7577 | D:7      | Reached skill level 5 in Fighting
  7577 | D:7      | Reached skill level 9 in Unarmed Combat
  7596 | D:7      | HP: 33/74 [death yak (9)]
  7600 | D:7      | Killed a death yak
  7600 | D:7      | Reached skill level 5 in Invocations
  7600 | D:7      | Reached XP level 10. HP: 38/81 MP: 3/13
  7601 | D:7      | HP: 34/81 [hound (5)]
  7682 | D:7      | Learned a level 4 spell: Ice Form
  7694 | D:8      | HP: 38/81 [death yak (13)]
  7696 | D:8      | Found a staircase to the Lair.
  7706 | D:8      | Noticed a two-headed ogre
  7715 | D:8      | You fall through a shaft for 3 floors!
  7796 | D:10     | Entered Level 10 of the Dungeon
  8073 | D:10     | Reached ***** piety under Okawaru
  8074 | D:10     | HP: 29/83 [orc warrior/battleaxe (20)]
  8087 | D:10     | HP: 36/83 [orc/dagger (1)]
  8110 | D:10     | HP: 41/83 [orc wizard/dagger (4)]
  8212 | D:9      | Found an ancient bone altar of Kikubaaqudgha.
  8376 | D:9      | Found a staircase to the Orcish Mines.
  8389 | D:9      | Found Nyzel's Assorted Antiques.
  8575 | D:9      | HP: 29/83 [orc warrior/tomahawk (19)]
  8585 | D:9      | Reached skill level 10 in Unarmed Combat
  8672 | D:9      | HP: 41/83 [orc warrior/war axe of electrocution (4)]
  8900 | D:9      | Bought a bubbling inky potion for 31 gold pieces
  8903 | D:9      | Noticed Erica
  8918 | D:9      | Killed Erica
  9114 | D:9      | Reached skill level 5 in Dodging
  9116 | D:9      | Reached skill level 1 in Evocations
  9652 | D:9      | Reached XP level 11. HP: 87/91 MP: 15/15
  9801 | D:8      | Noticed a two-headed ogre
  9803 | D:8      | Received a gift from Okawaru
  9808 | D:8      | HP: 45/91 [big kobold/glaive (14)]
  9940 | D:8      | Noticed a death yak
  9955 | D:8      | Killed a death yak
  9962 | D:8      | Killed a death yak
  9962 | D:8      | Reached skill level 10 in Transmutations
  9964 | D:8      | HP: 40/91 [two-headed ogre/giant club (21)]
  9966 | D:8      | Killed a two-headed ogre
  9971 | D:8      | HP: 35/91 [big kobold/glaive (8)]
  9976 | D:8      | HP: 37/91 [poisoned by a kobold]
  9981 | D:8      | HP: 36/91 [poisoned by a kobold]
  9987 | D:8      | HP: 37/91 [poisoned by a kobold]
  9993 | D:8      | HP: 39/91 [poisoned by a kobold]
 10001 | D:8      | HP: 42/91 [poisoned by a kobold]
 10137 | D:8      | Killed a two-headed ogre
 10137 | D:8      | Received a gift from Okawaru
 10301 | D:8      | Killed a death yak
 10301 | D:8      | Reached skill level 11 in Unarmed Combat
 10310 | D:8      | Killed a death yak
 10311 | D:8      | HP: 45/92 [death yak (5)]
 10313 | D:8      | Killed a death yak
 10318 | D:8      | HP: 14/92 [death yak (22)]
 10321 | D:8      | Killed a death yak
 10535 | D:8      | Found a glowing golden altar of the Shining One.
 10789 | D:8      | Found a deep blue altar of Sif Muna.
 11023 | Lair:1   | Entered Level 1 of the Lair of Beasts
 11192 | Lair:1   | Noticed Grum
 11204 | Lair:1   | Killed Grum
 11212 | Lair:1   | Learned a level 2 spell: Blink
 11329 | Lair:1   | Reached XP level 12. HP: 92/101 MP: 17/17
 11360 | Lair:1   | Noticed Prince Ribbit
 11369 | Lair:1   | Reached ****** piety under Okawaru
 11378 | Lair:1   | Killed Prince Ribbit
 12350 | Lair:2   | Noticed a six-headed hydra
 12355 | Lair:2   | HP: 58/123 [six-headed hydra (5)]
 12357 | Lair:2   | HP: 20/123 [six-headed hydra (15)]
 12358 | Lair:2   | Killed a six-headed hydra
 12358 | Lair:2   | Received a gift from Okawaru
 12358 | Lair:2   | Reached skill level 12 in Unarmed Combat
 12846 | Lair:3   | Noticed Agrougrou's ghost (journeyman OgGl)
 12867 | Lair:3   | HP: 41/103 [Agrougrou's ghost (32)]
 12868 | Lair:3   | HP: 1/103 [Agrougrou's ghost (41)]
 13054 | Lair:3   | Reached skill level 1 in Ice Magic
 13512 | Lair:3   | Found a staircase to the Swamp.
 13702 | Lair:3   | HP: 35/103 [Agrougrou's ghost (31)]
 13823 | Lair:2   | Learned a level 2 spell: Swiftness
 13930 | Lair:3   | Noticed Harold
 13951 | Lair:3   | Killed Harold
 13951 | Lair:3   | Reached skill level 5 in Spellcasting
 14537 | Lair:3   | Killed Agrougrou's ghost
 14537 | Lair:3   | Reached skill level 1 in Shields
 14847 | Lair:4   | Reached XP level 13. HP: 111/111 MP: 20/20
 14852 | Lair:4   | Learned a level 3 spell: Regeneration
 14878 | Lair:4   | Found a dark tunnel.
 14933 | Volcano  | Entered a volcano
 14958 | Volcano  | HP: 46/111 [salamander/enchanted halberd (14)]
 15267 | Lair:4   | Found a hole to the Spider Nest.
 15288 | Lair:4   | Reached skill level 13 in Unarmed Combat
 15377 | Lair:4   | Reached skill level 1 in Charms
 15843 | Lair:4   | HP: 55/111 [poisoned by a meliai]
 15848 | Lair:4   | HP: 41/111 [poisoned by a meliai]
 15853 | Lair:4   | HP: 40/111 [poisoned by a meliai]
 15859 | Lair:4   | HP: 41/111 [poisoned by a meliai]
 15864 | Lair:4   | HP: 42/111 [poisoned by a meliai]
 15871 | Lair:4   | HP: 45/111 [poisoned by a meliai]
 15879 | Lair:4   | HP: 48/111 [poisoned by a meliai]
 16970 | Lair:5   | Reached skill level 1 in Translocations
 17024 | Lair:5   | Received a gift from Okawaru
 17145 | Lair:5   | Learned a level 2 spell: Song of Slaying
 17580 | Lair:5   | Found a staircase to the Slime Pits.
 17766 | Lair:5   | Got an ancient demon whip
 17767 | Lair:5   | Identified the cursed +0 demon whip of the Equator {freeze, Str+5} (You found it on level 5 of the Lair of Beasts)
 17805 | Lair:6   | Entered Level 6 of the Lair of Beasts
 17889 | Lair:6   | HP: 66/134 [crocodile (7)]
 18408 | Lair:6   | Reached skill level 10 in Fighting
 18411 | Lair:6   | Reached XP level 14. HP: 84/121 MP: 8/23
 18415 | Lair:6   | Learned a level 2 spell: Shroud of Golubria
 18525 | Lair:6   | HP: 56/121 [polar bear (7)]
 18533 | Lair:6   | HP: 46/121 [warg (5)]
 18997 | Lair:6   | Reached skill level 14 in Unarmed Combat
 19238 | Lair:6   | Reached skill level 10 in Invocations
 19421 | Lair:6   | HP: 67/145 [seven-headed hydra (12)]
 19500 | Lair:6   | Noticed bmj180's ghost (journeyman HaBe)
 19542 | Lair:6   | Killed bmj180's ghost
 19576 | Lair:6   | Received a gift from Okawaru
 19751 | Lair:6   | Reached skill level 5 in Charms
 19948 | Lair:6   | Reached skill level 1 in Necromancy
 20275 | Lair:6   | HP: 57/122 [tyrant leech (19)]
 20637 | Lair:6   | Found a runed door.
 20984 | Lair:6   | Paralysed by a hornet for 1 turns
 21159 | Orc:1    | Entered Level 1 of the Orcish Mines
 21248 | Orc:1    | Noticed an orc warlord
 21270 | D:9      | HP: 56/122 [orc warrior/scimitar[an orc warlord] (20)]
 21352 | D:9      | Killed an orc warlord
 21353 | D:9      | HP: 57/122 [orc wizard/magic dart[an orc warlord] (8)]
 21358 | D:9      | HP: 58/122 [poisoned by an orc warlord]
 21368 | D:9      | HP: 61/122 [poisoned by an orc warlord]
 21888 | Orc:2    | Entered Level 2 of the Orcish Mines
 21899 | Orc:2    | Noticed Nessos
 21947 | Orc:1    | HP: 61/122 [orc knight/enchanted great sword (7)]
 21952 | D:9      | HP: 53/122 [poisoned by Nessos]
 21959 | D:9      | HP: 55/122 [poisoned by Nessos]
 21966 | D:9      | HP: 58/122 [poisoned by Nessos]
 21971 | D:9      | HP: 33/122 [poisoned by Nessos]
 21977 | D:9      | HP: 26/122 [poisoned by Nessos]
 22180 | Orc:2    | Noticed Saint Roka
 22257 | Orc:1    | HP: 56/122 [Saint Roka/divine providence (14)]
 22281 | Orc:1    | HP: 28/122 [Saint Roka/divine providence (17)]
 22455 | Orc:1    | HP: 57/122 [Saint Roka/glaive of protection (16)]
 22458 | Orc:1    | HP: 23/122 [Saint Roka/glaive of protection (37)]
 22460 | Orc:1    | HP: 7/183 [Saint Roka/glaive of protection (14)]
 22462 | Orc:1    | Killed Saint Roka
 22713 | D:9      | Bought a scroll of teleportation for 105 gold pieces
 22743 | Orc:2    | Noticed Fingolfin's ghost (journeyman FoFi)
 22840 | Orc:2    | Killed Fingolfin's ghost
 22869 | Orc:2    | HP: 60/122 [Nessos/arrow (11)]
 22874 | Orc:1    | HP: 44/122 [poisoned by Nessos]
 22879 | Orc:1    | HP: 37/122 [poisoned by Nessos]
 22884 | Orc:1    | HP: 33/122 [poisoned by Nessos]
 22889 | Orc:1    | HP: 31/122 [poisoned by Nessos]
 22895 | Orc:1    | HP: 30/122 [poisoned by Nessos]
 22901 | Orc:1    | HP: 31/122 [poisoned by Nessos]
 22907 | Orc:1    | HP: 34/122 [poisoned by Nessos]
 22915 | Orc:1    | HP: 37/122 [poisoned by Nessos]
 22992 | Orc:1    | HP: 60/122 [Nessos (16)]
 22997 | Orc:1    | Killed Nessos
 23046 | Orc:1    | Received a gift from Okawaru
 23046 | Orc:1    | Reached XP level 15. HP: 113/129 MP: 15/24
 23134 | Orc:2    | Reached skill level 15 in Unarmed Combat
 23136 | Orc:2    | Paralysed by an orc sorcerer for 4 turns
 23314 | Orc:2    | Found a staircase to the Elven Halls.
 23321 | Orc:2    | Found Paaloukh's Antique Armour Shoppe.
 23501 | Orc:2    | Found Harphiff's Jewellery Shop.
 23510 | Orc:2    | Bought a +3 ring of protection for 357 gold pieces
 23529 | Orc:2    | Bought an uncursed ring of poison resistance for 340 gold pieces
 23618 | Orc:2    | Noticed an orc warlord
 23655 | Orc:2    | Killed an orc warlord
 23742 | Orc:2    | Found a roughly hewn altar of Beogh.
 23849 | Orc:2    | HP: 65/130 [rust devil[an orc sorcerer] (5)]
 23854 | Orc:2    | HP: 51/130 [poisoned by an orc sorcerer]
 23859 | Orc:2    | HP: 49/130 [poisoned by an orc sorcerer]
 23864 | Orc:2    | HP: 26/130 [poisoned by an orc sorcerer]
 23869 | Orc:2    | HP: 27/130 [poisoned by an orc sorcerer]
 23875 | Orc:2    | HP: 28/130 [poisoned by an orc sorcerer]
 23884 | Orc:2    | HP: 31/130 [poisoned by an orc sorcerer]
 23891 | Orc:1    | HP: 35/130 [poisoned by an orc sorcerer]
 24147 | Orc:2    | Found Witzom's General Store.
 24227 | Orc:2    | HP: 64/130 [orc warrior/hand axe (21)]
 24233 | Orc:2    | HP: 42/130 [orc warrior/hand axe (16)]
 24334 | Orc:2    | Found Edonil's Antique Weapon Emporium.
 24673 | D:10     | Received a gift from Okawaru
 24968 | D:11     | Reached skill level 1 in Stealth
 25096 | D:11     | Identified the +11 scimitar of Mauden {elec, -Tele rPois MR+ Stlth+} (You found it on level 11 of the Dungeon)
 25406 | D:11     | Found Zadd's Quality Used Wands.
 26321 | D:12     | Received a gift from Okawaru
 26975 | D:13     | HP: 64/132 [deep elf knight/orb of energy (9)]
 27048 | D:13     | HP: 66/132 [centaur/shortbow (5)]
 27051 | D:13     | HP: 25/132 [yaktaur/bolt (15)]
 27051 | D:13     | HP: 5/132 [centaur warrior/arrow (20)]
 27052 | D:13     | Shot with a bolt by a yaktaur

Skill      XL: |  1  2  3  4  5  6  7  8  9 10 11 12 13 14 15 |
---------------+----------------------------------------------+-----
Unarmed Combat | 4 5 6 7 8 9 10 11 12 13 14 15 | 15.9
Transmutations | 3 4 5 6 7 8 9 10 | 10.7
Invocations    | 1 3 5 6 7 8 9 10 | 10.0
Fighting       | 2 4 5 6 7 9 10 11 | 11.8
Dodging        | 2 4 5 6 7 8 9 |  9.6
Evocations     | 1 3 |  3.1
Spellcasting   | 3 5 6 |  6.2
Ice Magic      | 3 |  3.0
Shields        | 1 3 4 |  4.0
Charms         | 3 7 |  7.5
Translocations | 2 3 |  3.0
Necromancy     | 3 |  3.2
Stealth        | 2 |  2.6

Action                   |  1- 3 |  4- 6 |  7- 9 | 10-12 | 13-15 || total
-------------------------+-------+-------+-------+-------+-------++-------
Melee: Unarmed           |   138 |   201 |   300 |   664 |  1185 ||  2488
       Tailslap          |    18 |    11 |    22 |    67 |   154 ||   272
       Punch             |     2 |     5 |    15 |    28 |    43 ||    93
       Scimitar          |       |       |       |       |    30 ||    30
 Cast: Beastly Appendage |     2 |       |       |       |       ||     2
       Spider Form       |     1 |    10 |    16 |    10 |       ||    37
       Sticks to Snakes  |       |     1 |       |       |    10 ||    11
       Blade Hands       |       |       |     2 |    30 |    76 ||   108
       Ice Form          |       |       |       |     1 |     6 ||     7
       Song of Slaying   |       |       |       |       |    19 ||    19
       Regeneration      |       |       |       |       |    38 ||    38
       Shroud of Golubri |       |       |       |       |    11 ||    11
       Swiftness         |       |       |       |       |     2 ||     2
Invok: Heroism           |       |       |     2 |     6 |     6 ||    14
       Finesse           |       |       |       |     1 |     2 ||     3
 Abil: Breathe Dispellin |       |       |     6 |    12 |     8 ||    26
       Evoke Berserk Rag |       |       |       |     2 |     1 ||     3
  Use: Scroll            |       |     9 |     9 |     8 |    12 ||    38
 Stab: Sleeping          |     1 |       |     1 |       |     3 ||     5
       Distracted        |       |       |       |       |     1 ||     1
  Eat: Chunk             |     4 |     8 |    13 |    37 |    66 ||   128
       Meat ration       |       |       |     1 |       |       ||     1
       Fruit             |       |       |       |     2 |     3 ||     5
Armor: Skin              |    40 |    68 |    49 |   139 |   295 ||   591
Dodge: Dodged            |   107 |   194 |   268 |   592 |  1084 ||  2245
Block: Buckler           |       |       |       |       |   143 ||   143
       Rpst.: Scimitar   |       |       |       |       |     6 ||     6

Vault maps used:
D:1:      sevenhm_arrival_forest_fort_large_4, minmay_statues_item
D:2:      okawaru_altar_gauntlet_db
D:3:      kennysheep_goblin_castle, chequers_ecumenical_altar_simple,
          minmay_box_of_dots
D:5:      overflow_temple_1_default, nicolae_overflow_crystal_walls,
          marbit_many_paths, first_bread
D:6:      ashenzari_conservatory_becter, grunt_temple_overflow_open,
          basic_altar, hangedman_decor_opposing
D:7:      lemuel_coloured_pillars_altar, zin_statuary,
          minmay_temple_entry_statues_fountains, grunt_livestock,
          hangedman_decor_push
D:8:      led_sif_pool, nicolae_tso_besieged_by_evil, dpeg_lair_monsters,
          minmay_misc_feat_ornament
D:9:      overflow_temple_1_default, orc_0_dummy, serial_shops, shop_fountains,
          uniq_erica
D:11:     nicolae_for_you_no_charge
D:13:     hangedman_vaults_entry_quadrant_bands
Lair:1:   uniq_prince_ribbit2, uniq_grum
Lair:2:   infiniplex_staircase_pool
Lair:3:   swamp_mist_pool, serial_bayou_lake_a, uniq_harold
Lair:4:   nicolae_spider_entry_tight_spaces, nicolae_volcano_entry_vermiform
Lair:5:   cheibrodos_lair_river_kwai, dpeg_slime_entry_corner
Lair:6:   hangedman_lair_caniforms_friends, wormcave, serial_bayou_shore_a
Orc:2:    grunt_orc_gardens, grunt_orc_garden, grunt_orc_garden,
          grunt_orc_garden, grunt_orc_garden, kennysheep_orc_chapel,
          uniq_saint_roka, uniq_nessos
Volcano:  volcano_village
